Workbook

Sheet PRESUPUESTO OFICIAL
C2: PRESUPUESTO DE OBRA
A7: MUNICIPIO DEL SOCORRO
A8: "ADMINISTRACION, OPERACIÓN, MANTENIMIENTO, INSTALACION Y MODERNIZACION DEL SISTEMA DE ALUMBRADO PUBLICO EN EL MUNICIPIO DEL SOCORRO - DEPARTAMENTO DE SANTANDER"
A9: CUADRO GENERAL
A10: ITEM | B10: DESCRIPCION | C10: UND | D10: CANT | E10: MONTAJE DE EQUIPOS | F10: SUMINISTRO DE MATERIALES | G10: MONTAJE MANO DE OBRA | H10: COSTO UNITARIO PARCIAL | I10: TOTAL COSTO PARCIAL ITEM | J10: VALOR ETR ABR 2023 | K10: IPP DIC 2024 | L10: IPP ABR 2023 | M10: VALOR CONTRATUAL
A11: 1 | B11: MANTENIMIENTO (INCLUYE MODERNIZACION)
A12: 1.1 | B12: =+'[1]APU OF'!C7 -> "ADMINISTRACION, OPERACIÓN, MANTENIMIENTO, INSTALACION Y MODERNIZACION DEL SISTEMA DE ALUMBRADO PUBLICO EN EL MUNICIPIO DEL SOCORRO DE CONFORMIDAD CON LA RESOLUCION CREG 101013 DE 2022 | C12: MES | D12: 5 | E12: =+'APU MANT MODE'!I16 -> 10926227 | F12: =+'APU MANT MODE'!I27 -> 21852455 | G12: =+'APU MANT MODE'!I37 -> 10926227 | H12: =SUM(E12:G12) -> 43704909 | I12: =ROUND(D12*H12,2) -> 2.1852455e+08 | J12: 46601385 | K12: 184.52 | L12: 179.26 | M12: =+J12*K12/L12 -> 47968803
A13: 1.2 | B13: =+'[1]APU OF'!C57 -> SUMINISTRO E INSTALACION UCAP LUMINARIA ALUMBRADO PUBLICO LED 50W 130Lm | C13: =+'[1]APU OF'!J55 -> UND | D13: 190 | E13: =+'APU MANT MODE'!I62 -> 38806.5 | F13: =+'APU MANT MODE'!I76 -> 1163443.5 | G13: =+'APU MANT MODE'!I89 -> 74032.14 | H13: =SUM(E13:G13) -> 1276282.1 | I13: =ROUND(D13*H13,2) -> 2.424936e+08 | J13: 1231456 | K13: 184.52 | L13: 179.26 | M13: =+J13*K13/L13 -> 1267590.4
A14: 1.3 | B14: =+'[1]APU OF'!C109 -> SUMINISTRO E INSTALACION UCAP LUMINARIA ALUMBRADO PUBLICO LED 80W 130Lm | C14: =+'[1]APU OF'!J107 -> UND | D14: 30 | E14: =+'APU MANT MODE'!I114 -> 38806.5 | F14: =+'APU MANT MODE'!I128 -> 1317871.2 | G14: =+'APU MANT MODE'!I141 -> 74032.14 | H14: =SUM(E14:G14) -> 1430709.8 | I14: =ROUND(D14*H14,2) -> 42921295 | J14: 1319949 | K14: 184.52 | L14: 179.26 | M14: =+J14*K14/L14 -> 1358680.1
A15: 1.4 | B15: =+'[1]APU OF'!C161 -> SUMINISTRO E INSTALACION UCAP LUMINARIA ALUMBRADO PUBLICO LED 100W-120W 130Lm | C15: =+'[1]APU OF'!J159 -> UND | D15: 30 | E15: =+'APU MANT MODE'!I166 -> 38806.5 | F15: =+'APU MANT MODE'!I180 -> 1432407.6 | G15: =+'APU MANT MODE'!I193 -> 74032.14 | H15: =SUM(E15:G15) -> 1545246.2 | I15: =ROUND(D15*H15,2) -> 46357386 | J15: 1472660 | K15: 184.52 | L15: 179.26 | M15: =+J15*K15/L15 -> 1515872
A16: 1.5 | B16: =+'[1]APU OF'!C213 -> SUMINISTRO E INSTALACION UCAP LUMINARIA ALUMBRADO PUBLICO REFLECTOR LED 200W 130Lm | C16: =+'[1]APU OF'!J211 -> UND | D16: 43 | E16: =+'APU MANT MODE'!I218 -> 194094 | F16: =+'APU MANT MODE'!I232 -> 1917123.5 | G16: =+'APU MANT MODE'!I245 -> 89725.56 | H16: =SUM(E16:G16) -> 2200943.1 | I16: =ROUND(D16*H16,2) -> 94640552 | J16: 1977693 | K16: 184.52 | L16: 179.26 | M16: =+J16*K16/L16 -> 2035724.2
B17: SUBTOTAL MANTENIMIENTO | I17: =SUM(I12:I16) -> 6.4493738e+08
A18: 2 | B18: EXPANSION
A19: 2.1 | B19: =+'[1]APU OF'!C57 -> SUMINISTRO E INSTALACION UCAP LUMINARIA ALUMBRADO PUBLICO LED 50W 130Lm | C19: =+'[1]APU OF'!J55 -> UND | D19: 84 | E19: =+'APU EXPA'!I17 -> 38806.5 | F19: =+'APU EXPA'!I31 -> 1163443.5 | G19: =+'APU EXPA'!I44 -> 74032.14 | H19: =SUM(E19:G19) -> 1276282.1 | I19: =ROUND(+D19*H19,2) -> 1.072077e+08 | J19: 1231456 | K19: 184.52 | L19: 179.26 | M19: =+J19*K19/L19 -> 1267590.4
A20: 2.2 | B20: =+B14 -> SUMINISTRO E INSTALACION UCAP LUMINARIA ALUMBRADO PUBLICO LED 80W 130Lm | C20: =+'[1]APU OF'!J211 -> UND | D20: 20 | E20: =+'APU EXPA'!I69 -> 38806.5 | F20: =+'APU EXPA'!I83 -> 1317871.2 | G20: =+'APU EXPA'!I96 -> 74032.14 | H20: =SUM(E20:G20) -> 1430709.8 | I20: =ROUND(+D20*H20,2) -> 28614197 | J20: 1977693 | K20: 184.52 | L20: 179.26 | M20: =+J20*K20/L20 -> 2035724.2
A21: 2.3 | B21: =+B15 -> SUMINISTRO E INSTALACION UCAP LUMINARIA ALUMBRADO PUBLICO LED 100W-120W 130Lm | C21: UND | D21: 20 | E21: =+'APU EXPA'!I121 -> 38806.5 | F21: =+'APU EXPA'!I135 -> 1432407.6 | G21: =+'APU EXPA'!I148 -> 74032.14 | H21: =SUM(E21:G21) -> 1545246.2 | I21: =ROUND(+D21*H21,2) -> 30904924
A22: 2.4 | B22: SUMINISTRO E INSTALACION UCAP LUMINARIA ALUMBRADO PUBLICO REFLECTOR LED 200W 130Lm | C22: UND | D22: 32 | E22: =+'APU EXPA'!I173 -> 194094 | F22: =+'APU EXPA'!I187 -> 1917123.5 | G22: =+'APU EXPA'!I200 -> 89725.56 | H22: =SUM(E22:G22) -> 2200943.1 | I22: =ROUND(+D22*H22,2) -> 70430178 | K22: 184.52 | L22: 179.26 | M22: =+J22*K22/L22 -> 0
A23: 2.5 | B23: SUMINISTRO E INSTALACION UCAP LUMINARIA ALUMBRADO PUBLICO REFLECTOR LED 300W 130Lm | C23: UND | D23: 20 | E23: =+'APU EXPA'!I224 -> 132594 | F23: =+'APU EXPA'!I238 -> 2437248.7 | G23: =+'APU EXPA'!I251 -> 74032.14 | H23: =SUM(E23:G23) -> 2643874.8 | I23: =ROUND(+D23*H23,2) -> 52877497
A24: 2.6 | B24: =+'[1]APU OF'!C471 -> SUMINISTRO E INSTALACION UCAP REDES EXCLUSIVAS DE ALUMBRADO PUBLICO | C24: =+'[1]APU OF'!J469 -> ML | D24: 1400 | E24: =+'APU EXPA'!I275 -> 13099.5 | F24: =+'APU EXPA'!I289 -> 27078.45 | G24: =+'APU EXPA'!I302 -> 3766.42 | H24: =SUM(E24:G24) -> 43944.37 | I24: =ROUND(+D24*H24,2) -> 61522118 | J24: 20781052 | K24: 184.52 | L24: 179.26 | M24: =+J24*K24/L24 -> 21390827 | N24: =+M24*5 -> 1.0695414e+08
A25: 2.7 | B25: =+'[1]APU OF'!C523 -> SUMINISTRO E INSTALACION DE POSTE MET CONICO OCTOGONAL DE 8M | C25: =+'[1]APU OF'!J521 -> UND | D25: 48 | E25: =+'APU EXPA'!I327 -> 255594 | F25: =+'APU EXPA'!I341 -> 2385000.8 | G25: =+'APU EXPA'!I354 -> 105418.98 | H25: =SUM(E25:G25) -> 2746013.7 | I25: =ROUND(+D25*H25,2) -> 1.3180866e+08 | J25: 1514013 | K25: 184.52 | L25: 179.26 | M25: =+J25*K25/L25 -> 1558438.5
A26: 2.8 | B26: =+'[1]APU OF'!C627 -> SUMINISTRO E INSTALACION UCAP LUMINARIA ALUMBRADO PUBLICO ORNAMENTAL LED 60W 130Lm/IN (O SUPERIOR) | C26: =+'[1]APU OF'!J625 -> UND | D26: 17 | E26: =+'APU EXPA'!I379 -> 38806.5 | F26: =+'APU EXPA'!I393 -> 1948197 | G26: =+'APU EXPA'!I406 -> 74032.14 | H26: =SUM(E26:G26) -> 2061035.6 | I26: =ROUND(+D26*H26,2) -> 35037606 | J26: 2127715 | K26: 184.52 | L26: 179.26 | M26: =+J26*K26/L26 -> 2190148.2
A27: 2.9 | B27: =+'[1]APU OF'!C679 -> SUMINISTRO E INSTALACION UCAP CONTROL PROGRAMABLE | C27: =+'[1]APU OF'!J677 -> UND | D27: 4 | E27: =+'APU EXPA'!I431 -> 38806.5 | F27: =+'APU EXPA'!I447 -> 1410404.1 | G27: =+'APU EXPA'!I460 -> 74032.14 | H27: =SUM(E27:G27) -> 1523242.7 | I27: =ROUND(+D27*H27,2) -> 6092971 | K27: 184.52 | L27: 179.26 | M27: =+J27*K27/L27 -> 0
A28: 2,10, | B28: =+'[1]APU OF'!C733 -> SUMINISTRO E INSTALACION DE POSTE MET DE 5M | C28: UND | D28: 17 | E28: =+'APU EXPA'!I485 -> 97231.5 | F28: =+'APU EXPA'!I496 -> 1832112.6 | G28: =+'APU EXPA'!I509 -> 105418.98 | H28: =SUM(E28:G28) -> 2034763.1 | I28: =ROUND(+D28*H28,2) -> 34590972 | J28: 1842006 | K28: 184.52 | L28: 179.26 | M28: =+J28*K28/L28 -> 1896055.7
A29: 2.11 | B29: SUMINISTRO E INSTALACION DE POSTE DE CONCRETO 14MTS 750 KGF | C29: UND | D29: 4 | E29: =+'APU EXPA'!I534 -> 255594 | F29: =+'APU EXPA'!I550 -> 5352234.2 | G29: =+'APU EXPA'!I563 -> 105418.98 | H29: =SUM(E29:G29) -> 5713247.2 | I29: =ROUND(+D29*H29,2) -> 22852989
A30: 2.12 | B30: SUMINISTRO E INSTALACION DE POSTE DE CONCRETO 8MTS 510 KGF | C30: UND | D30: 2 | E30: =+'APU EXPA'!I587 -> 255594 | F30: =+'APU EXPA'!I601 -> 1864151.8 | G30: =+'APU EXPA'!I614 -> 105418.98 | H30: =SUM(E30:G30) -> 2225164.8 | I30: =ROUND(+D30*H30,2) -> 4450329.6
A31: 2.13 | B31: SUMINISTRO DE REDES Y CONTROL PISTA DE PATINAJE VILLA OLIMPICA | C31: GLO | D31: 1 | E31: =+'APU EXPA'!I636 -> 720288 | F31: =+'APU EXPA'!I664 -> 8458175.4 | G31: =+'APU EXPA'!I676 -> 813112.62 | H31: =SUM(E31:G31) -> 9991576.1 | I31: =ROUND(+D31*H31,2) -> 9991576.1
A32: 2.14 | B32: SUMINISTRO DE TRANSFORMADOR TRIFASICO 30 KVA | C32: UND | D32: 1 | E32: =+'APU EXPA'!I699 -> 742797 | F32: =+'APU EXPA'!I710 -> 11747470 | G32: =+'APU EXPA'!I723 -> 187736 | H32: =SUM(E32:G32) -> 12678003 | I32: =ROUND(+D32*H32,2) -> 12678003
B33: SUBTOTAL EXPANSION | I33: =SUM(I19:I32) -> 6.0905972e+08
B34: VALOR COSTO DIRECTO | I34: =+I17+I33 -> 1.2539971e+09
B35: ADMINISTRACION DE LA OBRA | H35: 0.29 | I35: =+I34*H35 -> 3.6365916e+08
B36: IMPREVISTOS | H36: 0.01 | I36: =+I34*H36 -> 12539971
B37: UTILIDAD | H37: 0.05 | I37: =+I34*H37 -> 62699855
B38: TOTAL OBRA | I38: =SUM(I34:I37) -> 1.6928961e+09
B43: __________________________________________________
B44: Ing. Camilo Jose Blanco Rangel
B45: Secretario de Infraestructura

Sheet APU MANT MODE
A1: MUNICIPIO DEL SOCORRO
A3: ANALISIS DE PRECIOS UNITARIOS
I4: Item | J4: 1.1
A5: Obra | C5: =+'PRESUPUESTO OFICIAL'!A8 -> "ADMINISTRACION, OPERACIÓN, MANTENIMIENTO, INSTALACION Y MODERNIZACION DEL SISTEMA DE ALUMBRADO PUBLICO EN EL MUNICIPIO DEL SOCORRO - DEPARTAMENTO DE SANTANDER" | I5: Und | J5: MES
A6: Area | C6: =+A1 -> MUNICIPIO DEL SOCORRO | I6: Cant | J6: =+'PRESUPUESTO OFICIAL'!D12 -> 5
A7: Actividad | C7: ADMINISTRACIÓN, OPERACIÓN Y MANTENIMIENTO DEL SISTEMA DE ALUMBRADO PUBLICO EN EL MUNICIPIO DEL SOCORRO DE CONFORMIDAD CON LA RESOLUCION CREG 101013 DE 2022
A9: TRANSPORTE, EQUIPOS Y HERRAMIENTAS | E9: CANT | F9: TARIFA / MES | G9: RENDIMIENTO | H9: VALOR PARCIAL
F10: INST / EQUIPO | G10: UNID/DIA/EQU.
E11: (a) | F11: (b) | G11: (c) | H11: (a x b / c)
A12: TRANSPORTE, EQUIPOS Y HERRAMIENTAS A TODO COSTO MES | E12: 1 | F12: 10926227 | G12: 1 | H12: =SUM(E12*F12/G12) -> 10926227 | L12: 17766223 | M12: =+L12*1.23 -> 21852455
L13: 285000 | M13: =+L13*1.23 -> 350550
I14: SUBTOTAL (A)
I16: =SUM(H12:H13) -> 10926227
A18: MATERIALES | E18: UND | F18: PRECIO POR | G18: CANTIDAD DE | H18: VALOR
F19: UNIDAD | G19: MATERIAL/MES | H19: PARCIAL
F20: (d) | G20: (e) | H20: (d x e)
A21: MATERIALES A TODO COSTO MES | E21: 1 | F21: 21852455 | G21: 1 | H21: =SUM(F21*G21) -> 21852455
H22: =SUM(F22*G22) -> 0
H23: =SUM(F23*G23) -> 0
H24: =SUM(F24*G24) -> 0
I25: SUBTOTAL (B)
I27: =SUM(H21:H24) -> 21852455
A29: MANO DE OBRA | E29: CANT | F29: SALARIO | G29: RENDIMIENTO | H29: VALOR
F30: INTEGRAL/MES | G30: UNID / MES | H30: PARCIAL | N30: 46601385 | O30: 183.01 | P30: =+N30/O31*O30 -> 47576255
F31: (f) | G31: (g) | H31: (f x g / h) | O31: 179.26 | P31: =+P30*0.7 -> 33303378
A32: MANO DE OBRA A TODO COSTO MES | E32: 1 | F32: =+F12 -> 10926227 | G32: 1 | H32: =SUM(E32*F32/G32) -> 10926227
I35: SUBTOTAL (C)
I37: =SUM(H32:H34) -> 10926227
F39: SUBTOTAL SUMINISTRO Y MONTAJE | I39: =ROUNDDOWN(SUM(I16,I27,I37),2) -> 43704909
F41: ADMINISTRACION DE LA OBRA | H41: 0.23 | I41: =SUM(I39*H41) -> 10052129
F42: IMPREVISTOS | H42: 0.02 | I42: =SUM(I39*H42) -> 874098.18
F43: UTILIDAD | H43: 0.1 | I43: =SUM(I39*H43) -> 4370490.9
F44: TOTAL PRECIO UNIDAD CONSTRUCTIVA | I44: =SUM(I39,I41,,I42,I43) -> 59001627 | K44: =+I44-P30 -> 11425372
A47: MUNICIPIO DEL SOCORRO
A49: ANALISIS DE PRECIOS UNITARIOS
I50: Item | J50: 1.2
A51: Obra | C51: =+C5 -> "ADMINISTRACION, OPERACIÓN, MANTENIMIENTO, INSTALACION Y MODERNIZACION DEL SISTEMA DE ALUMBRADO PUBLICO EN EL MUNICIPIO DEL SOCORRO - DEPARTAMENTO DE SANTANDER" | I51: Und | J51: UND
A52: Area | C52: =+C6 -> MUNICIPIO DEL SOCORRO | I52: Cant | J52: =+'PRESUPUESTO OFICIAL'!D13 -> 190
A53: Actividad | C53: SUMINISTRO E INSTALACION UCAP LUMINARIA ALUMBRADO PUBLICO LED 50W 130Lm
A55: TRANSPORTE, EQUIPOS Y HERRAMIENTAS | E55: CANT | F55: TARIFA / DIA | G55: RENDIMIENTO | H55: VALOR PARCIAL
F56: INST / EQUIPO | G56: UNID/DIA/EQU.
E57: (a) | F57: (b) | G57: (c) | H57: (a x b / c)
A58: HERRAMIENTA MENOR | E58: 2 | F58: 4797 | G58: 1 | H58: =SUM(E58*F58/G58) -> 9594 | L58: 3900 | M58: =+L58*1.23 -> 4797
A59: CAMIONETA | E59: 1 | F59: 350550 | G59: 12 | H59: =SUM(E59*F59/G59) -> 29212.5 | L59: 285000 | M59: =+L59*1.23 -> 350550
I60: SUBTOTAL (A)
I62: =SUM(H58:H59) -> 38806.5
A64: MATERIALES | E64: UND | F64: PRECIO POR | G64: CANTIDAD DE | H64: VALOR
F65: UNIDAD | G65: MATERIAL/UND | H65: PARCIAL
F66: (d) | G66: (e) | H66: (d x e)
A67: BRAZO GALV. DE 1.1/4*1.50 MTS | E67: UND | F67: 92250 | G67: 1 | H67: =SUM(F67*G67) -> 92250 | L67: 75000 | M67: =+L67*1.23 -> 92250
A68: COLLARIN GALV. DE 4-5 | E68: UND | F68: 28892.7 | G68: 2 | H68: =SUM(F68*G68) -> 57785.4 | L68: 23490 | M68: =+L68*1.23 -> 28892.7
A69: CONECTOR DERIVACION 4-3/0 - EP 95 | E69: UND | F69: 9709.62 | G69: 2 | H69: =SUM(F69*G69) -> 19419.24 | L69: 7894 | M69: =+L69*1.23 -> 9709.62
A70: FOTOCELDA ELECTRONICA AZUL 1000W | E70: UND | F70: 36014.4 | G70: 1 | H70: =SUM(F70*G70) -> 36014.4 | L70: 29280 | M70: =+L70*1.23 -> 36014.4
A71: LUMINARIA LED 40W-50W | E71: UND | F71: 913140.93 | G71: 1 | H71: =SUM(F71*G71) -> 913140.93 | L71: 742391 | M71: =+L71*1.23 -> 913140.93
A72: TORNILLO CARRIAJE 5/8*31/2 | E72: UND | F72: 5276.7 | G72: 2 | H72: =SUM(F72*G72) -> 10553.4 | L72: 4290 | M72: =+L72*1.23 -> 5276.7
A73: CABLE ENCAUCHETADO 3*12 | E73: ML | F73: 11426.7 | G73: 3 | H73: =SUM(F73*G73) -> 34280.1 | L73: 9290 | M73: =+L73*1.23 -> 11426.7
I74: SUBTOTAL (B)
I76: =ROUND(SUM(H67:H73),2) -> 1163443.5
A78: MANO DE OBRA | E78: CANT | F78: SALARIO | G78: RENDIMIENTO | H78: VALOR
F79: INTEGRAL / DIA | G79: UNID / DIA | H79: PARCIAL
F80: (f) | G80: (g) | H80: (f x g / h)
A81: SUPERVISOR ELECTRICISTA | E81: 1 | F81: 259575.7 | G81: =36 -> 36 | H81: =SUM(E81*F81/G81) -> 7210.4361 | L81: 211037.16 | M81: =+L81*1.23 -> 259575.71
A82: OFICIAL ELECTRICO | E82: 1 | F82: 183230.86 | G82: =12 -> 12 | H82: =SUM(E82*F82/G82) -> 15269.238 | L82: 148968.18 | M82: =+L82*1.23 -> 183230.86
A83: AYUDANTE ELECTRICO | E83: 1 | F83: 106886.01 | G83: =12 -> 12 | H83: =SUM(E83*F83/G83) -> 8907.1675 | L83: 86899.2 | M83: =+L83*1.23 -> 106886.02
A84: AISLAMIENTO DEL SITIO | E84: 1 | F84: 17183.11 | G84: =1 -> 1 | H84: =SUM(E84*F84/G84) -> 17183.11 | L84: 13970.01 | M84: =+L84*1.23 -> 17183.112
A85: MANEJO DE TRAFICO | E85: 1 | F85: 13911.61 | G85: =1 -> 1 | H85: =SUM(E85*F85/G85) -> 13911.61 | L85: 11310.255 | M85: =+L85*1.23 -> 13911.614
A86: SEÑALIZACION | E86: 1 | F86: 11550.58 | G86: =1 -> 1 | H86: =SUM(E86*F86/G86) -> 11550.58 | L86: 9390.72 | M86: =+L86*1.23 -> 11550.586
I87: SUBTOTAL (C)
I89: =ROUND(SUM(H81:H86),2) -> 74032.14
F91: SUBTOTAL SUMINISTRO Y MONTAJE | I91: =SUM(I62,I76,I89) -> 1276282.1
F93: ADMINISTRACION DE LA OBRA | H93: 0.23 | I93: =SUM(I91*H93) -> 293544.89
F94: IMPREVISTOS | H94: 0.02 | I94: =SUM(I91*H94) -> 25525.642
F95: UTILIDAD | H95: 0.1 | I95: =SUM(I91*H95) -> 127628.21
F96: TOTAL PRECIO UNIDAD CONSTRUCTIVA | I96: =SUM(I91,I93,,I94,I95) -> 1722980.8
A99: MUNICIPIO DEL SOCORRO
A101: ANALISIS DE PRECIOS UNITARIOS
I102: Item | J102: 1.3
A103: Obra | C103: =+C51 -> "ADMINISTRACION, OPERACIÓN, MANTENIMIENTO, INSTALACION Y MODERNIZACION DEL SISTEMA DE ALUMBRADO PUBLICO EN EL MUNICIPIO DEL SOCORRO - DEPARTAMENTO DE SANTANDER" | I103: Und | J103: UND
A104: Area | C104: =+C52 -> MUNICIPIO DEL SOCORRO | I104: Cant | J104: =+'PRESUPUESTO OFICIAL'!D14 -> 30
A105: Actividad | C105: SUMINISTRO E INSTALACION UCAP LUMINARIA ALUMBRADO PUBLICO LED 80W 130Lm
A107: TRANSPORTE, EQUIPOS Y HERRAMIENTAS | E107: CANT | F107: TARIFA / DIA | G107: RENDIMIENTO | H107: VALOR PARCIAL
F108: INST / EQUIPO | G108: UNID/DIA/EQU.
E109: (a) | F109: (b) | G109: (c) | H109: (a x b / c)
A110: HERRAMIENTA MENOR | E110: 2 | F110: =+F58 -> 4797 | G110: 1 | H110: =SUM(E110*F110/G110) -> 9594
A111: CAMIONETA | E111: 1 | F111: =+F59 -> 350550 | G111: 12 | H111: =SUM(E111*F111/G111) -> 29212.5
I112: SUBTOTAL (A)
I114: =SUM(H110:H111) -> 38806.5
A116: MATERIALES | E116: UND | F116: PRECIO POR | G116: CANTIDAD DE | H116: VALOR
F117: UNIDAD | G117: MATERIAL/UND | H117: PARCIAL
F118: (d) | G118: (e) | H118: (d x e)
A119: BRAZO GALV. DE 1.1/4*1.50 MTS | E119: UND | F119: =+F67 -> 92250 | G119: 1 | H119: =SUM(F119*G119) -> 92250
A120: COLLARIN GALV. DE 4-5 | E120: UND | F120: =+F68 -> 28892.7 | G120: 2 | H120: =SUM(F120*G120) -> 57785.4
A121: CONECTOR DERIVACION 4-3/0 - EP 95 | E121: UND | F121: =+F69 -> 9709.62 | G121: 2 | H121: =SUM(F121*G121) -> 19419.24
A122: FOTOCELDA ELECTRONICA AZUL 1000W | E122: UND | F122: =+F70 -> 36014.4 | G122: 1 | H122: =SUM(F122*G122) -> 36014.4
A123: LUMINARIA LED 60W-80W | E123: UND | F123: 1067568.7 | G123: 1 | H123: =SUM(F123*G123) -> 1067568.7
A124: TORNILLO CARRIAJE 5/8*31/2 | E124: UND | F124: =+F72 -> 5276.7 | G124: 2 | H124: =SUM(F124*G124) -> 10553.4 | L124: 867942 | M124: =+L124*1.23 -> 1067568.7
A125: CABLE ENCAUCHETADO 3*12 | E125: ML | F125: =+F73 -> 11426.7 | G125: 3 | H125: =SUM(F125*G125) -> 34280.1
I126: SUBTOTAL (B)
I128: =SUM(H119:H125) -> 1317871.2
A130: MANO DE OBRA | E130: CANT | F130: SALARIO | G130: RENDIMIENTO | H130: VALOR
...

Sheet APU EXPA
A2: MUNICIPIO DEL SOCORRO
A4: ANALISIS DE PRECIOS UNITARIOS
I5: Item | J5: 2.1
A6: Obra | C6: =+'APU MANT MODE'!C5 -> "ADMINISTRACION, OPERACIÓN, MANTENIMIENTO, INSTALACION Y MODERNIZACION DEL SISTEMA DE ALUMBRADO PUBLICO EN EL MUNICIPIO DEL SOCORRO - DEPARTAMENTO DE SANTANDER" | I6: Und | J6: UND
A7: Area | C7: =+'APU MANT MODE'!C6 -> MUNICIPIO DEL SOCORRO | I7: Cant | J7: =+'PRESUPUESTO OFICIAL'!D19 -> 84
A8: Actividad | C8: SUMINISTRO E INSTALACION UCAP LUMINARIA ALUMBRADO PUBLICO LED 50W 130Lm
A10: TRANSPORTE, EQUIPOS Y HERRAMIENTAS | E10: CANT | F10: TARIFA / DIA | G10: RENDIMIENTO | H10: VALOR PARCIAL
F11: INST / EQUIPO | G11: UNID/DIA/EQU.
E12: (a) | F12: (b) | G12: (c) | H12: (a x b / c)
A13: HERRAMIENTA MENOR | E13: 2 | F13: 4797 | G13: 1 | H13: =SUM(E13*F13/G13) -> 9594 | L13: 3900 | M13: =+L13*1.23 -> 4797
A14: CAMIONETA | E14: 1 | F14: 350550 | G14: 12 | H14: =SUM(E14*F14/G14) -> 29212.5 | L14: 285000 | M14: =+L14*1.23 -> 350550
I15: SUBTOTAL (A)
I17: =SUM(H13:H14) -> 38806.5
A19: MATERIALES | E19: UND | F19: PRECIO POR | G19: CANTIDAD DE | H19: VALOR
F20: UNIDAD | G20: MATERIAL/UND | H20: PARCIAL
F21: (d) | G21: (e) | H21: (d x e)
A22: BRAZO GALV. DE 1.1/4*1.50 MTS | E22: UND | F22: 92250 | G22: 1 | H22: =SUM(F22*G22) -> 92250 | L22: 75000 | M22: =+L22*1.23 -> 92250
A23: COLLARIN GALV. DE 4-5 | E23: UND | F23: 28892.7 | G23: 2 | H23: =SUM(F23*G23) -> 57785.4 | L23: 23490 | M23: =+L23*1.23 -> 28892.7
A24: CONECTOR DERIVACION 4-3/0 - EP 95 | E24: UND | F24: 9709.62 | G24: 2 | H24: =SUM(F24*G24) -> 19419.24 | L24: 7894 | M24: =+L24*1.23 -> 9709.62
A25: FOTOCELDA ELECTRONICA AZUL 1000W | E25: UND | F25: 36014.4 | G25: 1 | H25: =SUM(F25*G25) -> 36014.4 | L25: 29280 | M25: =+L25*1.23 -> 36014.4
A26: LUMINARIA LED 40W-50W | E26: UND | F26: 913140.93 | G26: 1 | H26: =SUM(F26*G26) -> 913140.93 | L26: 742391 | M26: =+L26*1.23 -> 913140.93
A27: TORNILLO CARRIAJE 5/8*31/2 | E27: UND | F27: 5276.7 | G27: 2 | H27: =SUM(F27*G27) -> 10553.4 | L27: 4290 | M27: =+L27*1.23 -> 5276.7
A28: CABLE ENCAUCHETADO 3*12 | E28: ML | F28: 11426.7 | G28: 3 | H28: =SUM(F28*G28) -> 34280.1 | L28: 9290 | M28: =+L28*1.23 -> 11426.7
I29: SUBTOTAL (B)
I31: =SUM(H22:H28) -> 1163443.5
A33: MANO DE OBRA | E33: CANT | F33: SALARIO | G33: RENDIMIENTO | H33: VALOR
F34: INTEGRAL / DIA | G34: UNID / DIA | H34: PARCIAL
F35: (f) | G35: (g) | H35: (f x g / h)
A36: SUPERVISOR ELECTRICISTA | E36: 1 | F36: 259575.7 | G36: =36 -> 36 | H36: =SUM(E36*F36/G36) -> 7210.4361 | L36: 211037.16 | M36: =+L36*1.23 -> 259575.71
A37: OFICIAL ELECTRICO | E37: 1 | F37: 183230.86 | G37: =12 -> 12 | H37: =SUM(E37*F37/G37) -> 15269.238 | L37: 148968.18 | M37: =+L37*1.23 -> 183230.86
A38: AYUDANTE ELECTRICO | E38: 1 | F38: 106886.01 | G38: =12 -> 12 | H38: =SUM(E38*F38/G38) -> 8907.1675 | L38: 86899.2 | M38: =+L38*1.23 -> 106886.02
A39: AISLAMIENTO DEL SITIO | E39: 1 | F39: 17183.11 | G39: =1 -> 1 | H39: =SUM(E39*F39/G39) -> 17183.11 | L39: 13970.01 | M39: =+L39*1.23 -> 17183.112
A40: MANEJO DE TRAFICO | E40: 1 | F40: 13911.61 | G40: =1 -> 1 | H40: =SUM(E40*F40/G40) -> 13911.61 | L40: 11310.255 | M40: =+L40*1.23 -> 13911.614
A41: SEÑALIZACION | E41: 1 | F41: 11550.58 | G41: =1 -> 1 | H41: =SUM(E41*F41/G41) -> 11550.58 | L41: 9390.72 | M41: =+L41*1.23 -> 11550.586
I42: SUBTOTAL (C)
I44: =ROUND(SUM(H36:H41),2) -> 74032.14
F46: SUBTOTAL SUMINISTRO Y MONTAJE | I46: =SUM(I17,I31,I44) -> 1276282.1
F48: ADMINISTRACION DE LA OBRA | H48: 0.23 | I48: =SUM(I46*H48) -> 293544.89
F49: IMPREVISTOS | H49: 0.02 | I49: =SUM(I46*H49) -> 25525.642
F50: UTILIDAD | H50: 0.1 | I50: =SUM(I46*H50) -> 127628.21
F51: TOTAL PRECIO UNIDAD CONSTRUCTIVA | I51: =SUM(I46,I48,,I49,I50) -> 1722980.8
A54: MUNICIPIO DEL SOCORRO
A56: ANALISIS DE PRECIOS UNITARIOS
I57: Item | J57: 2.2
A58: Obra | C58: =+C6 -> "ADMINISTRACION, OPERACIÓN, MANTENIMIENTO, INSTALACION Y MODERNIZACION DEL SISTEMA DE ALUMBRADO PUBLICO EN EL MUNICIPIO DEL SOCORRO - DEPARTAMENTO DE SANTANDER" | I58: Und | J58: UND
A59: Area | C59: =+C7 -> MUNICIPIO DEL SOCORRO | I59: Cant | J59: =+'PRESUPUESTO OFICIAL'!D20 -> 20
A60: Actividad | C60: SUMINISTRO E INSTALACION UCAP LUMINARIA ALUMBRADO PUBLICO LED 80W 130Lm
A62: TRANSPORTE, EQUIPOS Y HERRAMIENTAS | E62: CANT | F62: TARIFA / DIA | G62: RENDIMIENTO | H62: VALOR PARCIAL
F63: INST / EQUIPO | G63: UNID/DIA/EQU.
E64: (a) | F64: (b) | G64: (c) | H64: (a x b / c)
A65: HERRAMIENTA MENOR | E65: 2 | F65: =+F13 -> 4797 | G65: 1 | H65: =SUM(E65*F65/G65) -> 9594
A66: CAMIONETA | E66: 1 | F66: =+F14 -> 350550 | G66: 12 | H66: =SUM(E66*F66/G66) -> 29212.5
I67: SUBTOTAL (A)
I69: =SUM(H65:H66) -> 38806.5
A71: MATERIALES | E71: UND | F71: PRECIO POR | G71: CANTIDAD DE | H71: VALOR
F72: UNIDAD | G72: MATERIAL/UND | H72: PARCIAL
F73: (d) | G73: (e) | H73: (d x e)
A74: BRAZO GALV. DE 1.1/4*1.50 MTS | E74: UND | F74: =+F22 -> 92250 | G74: 1 | H74: =SUM(F74*G74) -> 92250
A75: COLLARIN GALV. DE 4-5 | E75: UND | F75: =+F23 -> 28892.7 | G75: 2 | H75: =SUM(F75*G75) -> 57785.4
A76: CONECTOR DERIVACION 4-3/0 - EP 95 | E76: UND | F76: =+F24 -> 9709.62 | G76: 2 | H76: =SUM(F76*G76) -> 19419.24
A77: FOTOCELDA ELECTRONICA AZUL 1000W | E77: UND | F77: =+F25 -> 36014.4 | G77: 1 | H77: =SUM(F77*G77) -> 36014.4
A78: LUMINARIA LED 60W-80W | E78: UND | F78: 1067568.7 | G78: 1 | H78: =SUM(F78*G78) -> 1067568.7
A79: TORNILLO CARRIAJE 5/8*31/2 | E79: UND | F79: =+F27 -> 5276.7 | G79: 2 | H79: =SUM(F79*G79) -> 10553.4 | L79: 867942 | M79: =+L79*1.23 -> 1067568.7
A80: CABLE ENCAUCHETADO 3*12 | E80: ML | F80: =+F28 -> 11426.7 | G80: 3 | H80: =SUM(F80*G80) -> 34280.1
I81: SUBTOTAL (B)
I83: =SUM(H74:H80) -> 1317871.2
A85: MANO DE OBRA | E85: CANT | F85: SALARIO | G85: RENDIMIENTO | H85: VALOR
F86: INTEGRAL / DIA | G86: UNID / DIA | H86: PARCIAL
F87: (f) | G87: (g) | H87: (f x g / h)
A88: SUPERVISOR ELECTRICISTA | E88: 1 | F88: =+F36 -> 259575.7 | G88: =36 -> 36 | H88: =SUM(E88*F88/G88) -> 7210.4361
A89: OFICIAL ELECTRICO | E89: 1 | F89: =+F37 -> 183230.86 | G89: =12 -> 12 | H89: =SUM(E89*F89/G89) -> 15269.238
A90: AYUDANTE ELECTRICO | E90: 1 | F90: =+F38 -> 106886.01 | G90: =12 -> 12 | H90: =SUM(E90*F90/G90) -> 8907.1675
A91: AISLAMIENTO DEL SITIO | E91: 1 | F91: =+F39 -> 17183.11 | G91: =1 -> 1 | H91: =SUM(E91*F91/G91) -> 17183.11
A92: MANEJO DE TRAFICO | E92: 1 | F92: =+F40 -> 13911.61 | G92: =1 -> 1 | H92: =SUM(E92*F92/G92) -> 13911.61
A93: SEÑALIZACION | E93: 1 | F93: =+F41 -> 11550.58 | G93: =1 -> 1 | H93: =SUM(E93*F93/G93) -> 11550.58
I94: SUBTOTAL (C)
I96: =ROUND(SUM(H88:H93),2) -> 74032.14
F98: SUBTOTAL SUMINISTRO Y MONTAJE | I98: =SUM(I69,I83,I96) -> 1430709.8
F100: ADMINISTRACION DE LA OBRA | H100: 0.23 | I100: =SUM(I98*H100) -> 329063.26
F101: IMPREVISTOS | H101: 0.02 | I101: =SUM(I98*H101) -> 28614.197
F102: UTILIDAD | H102: 0.1 | I102: =SUM(I98*H102) -> 143070.98
F103: TOTAL PRECIO UNIDAD CONSTRUCTIVA | I103: =SUM(I98,I100,,I101,I102) -> 1931458.3
A106: MUNICIPIO DEL SOCORRO
A108: ANALISIS DE PRECIOS UNITARIOS
I109: Item | J109: 2.3
A110: Obra | C110: =+C58 -> "ADMINISTRACION, OPERACIÓN, MANTENIMIENTO, INSTALACION Y MODERNIZACION DEL SISTEMA DE ALUMBRADO PUBLICO EN EL MUNICIPIO DEL SOCORRO - DEPARTAMENTO DE SANTANDER" | I110: Und | J110: UND
A111: Area | C111: =+C59 -> MUNICIPIO DEL SOCORRO | I111: Cant | J111: =+'PRESUPUESTO OFICIAL'!D21 -> 20
A112: Actividad | C112: SUMINISTRO E INSTALACION UCAP LUMINARIA ALUMBRADO PUBLICO LED 100W-120W 130Lm
A114: TRANSPORTE, EQUIPOS Y HERRAMIENTAS | E114: CANT | F114: TARIFA / DIA | G114: RENDIMIENTO | H114: VALOR PARCIAL
F115: INST / EQUIPO | G115: UNID/DIA/EQU.
E116: (a) | F116: (b) | G116: (c) | H116: (a x b / c)
A117: HERRAMIENTA MENOR | E117: 2 | F117: =+F65 -> 4797 | G117: 1 | H117: =SUM(E117*F117/G117) -> 9594
A118: CAMIONETA | E118: 1 | F118: =+F66 -> 350550 | G118: 12 | H118: =SUM(E118*F118/G118) -> 29212.5
I119: SUBTOTAL (A)
I121: =SUM(H117:H118) -> 38806.5
A123: MATERIALES | E123: UND | F123: PRECIO POR | G123: CANTIDAD DE | H123: VALOR
F124: UNIDAD | G124: MATERIAL/UND | H124: PARCIAL
F125: (d) | G125: (e) | H125: (d x e)
A126: BRAZO GALV. DE 1.1/4*1.50 MTS | E126: UND | F126: =+F74 -> 92250 | G126: 1 | H126: =SUM(F126*G126) -> 92250
A127: COLLARIN GALV. DE 4-5 | E127: UND | F127: =+F75 -> 28892.7 | G127: 2 | H127: =SUM(F127*G127) -> 57785.4
...
